 Dungeon Crawl Stone Soup version 0.29.1-12-g30fa7ad0bf (webtiles) character file.

Game seed: 9155592649768382300

612 NotreDorf the Poker (level 7, 0/55 HPs)
             Began as a Merfolk Gladiator on Dec 26, 2022.
             Succumbed to a gnoll sergeant's poison
             ... on level 4 of the Dungeon.
             The game lasted 00:13:16 (3392 turns).

NotreDorf the Poker (Merfolk Gladiator)             Turns: 3392, Time: 00:13:17

Health: 0/55       AC:  4    Str: 17 (20) XL:     7   Next: 44%
Magic:  7/7        EV: 10    Int:  4 (7)  God:
Gold:   234        SH: 12    Dex: 15 (18) Spells: 6/6 levels left

rFire   . . .      SeeInvis .   a - +0 trident
rCold   . . .      Faith    .   q - +0 tower shield
rNeg    . . .      Spirit   .   b - +0 leather armour
rPois   +          Reflect  .   c - +0 helmet
rElec   .          Harm     .   (no cloak)
rCorr   .          Rampage  .   (no gloves)
Will    .....                   (no boots)
Stlth   ++........              p - amulet of regeneration
HPRegen 0.98/turn               m - +6 ring of strength
MPRegen 0.10/turn               o - ring of poison resistance

@: lethally poisoned (0 -> -2)
A: (nimble swimmer 2), mertail
a: no special abilities


You were on level 4 of the Dungeon.
You visited 1 branch of the dungeon, and saw 4 of its levels.

You collected 234 gold pieces.

Inventory:

Hand Weapons
 a - a +0 trident (weapon)
 s - a +0 halberd
Armour
 b - a +0 leather armour (worn)
 c - a +0 helmet (worn)
 q - a +0 tower shield (worn)
Jewellery
 m - a +6 ring of strength (left hand)
 o - a ring of poison resistance (right hand)
 p - an amulet of regeneration (around neck)
Scrolls
 f - 3 scrolls of torment {unknown}
 g - 4 scrolls of teleportation {unknown}
 h - 9 scrolls of identify {unknown}
 i - a scroll of immolation
 j - a scroll of noise {unknown}
 k - a scroll of magic mapping {unknown}
 l - a scroll of silence {unknown}
Potions
 r - a potion of might {unknown}


   Skills:
 + Level 4.5 Fighting
 + Level 6.2 Polearms
 - Level 2.0 Throwing
 + Level 6.2 Dodging
 + Level 4.0 Stealth
 + Level 2.4 Shields


You had 6 spell levels left.
You didn't know any spells.
Your spell library contained the following spells:

 Spells                   Type           Power      Damage    Failure   Level
 Necrotise                Necr           0%         1d4       100%        1
 Vampiric Draining        Necr           0%         2d6       100%        3
 Anguish                  Hex/Necr       0%         N/A       100%        4
 Agony                    Necr           0%         N/A       100%        5
 Enfeeble                 Hex            0%         N/A       100%        7


Dungeon Overview and Level Annotations

Branches:
Dungeon (4/15)
 Temple: D:4-7

Altars:
Ru
Wu Jian
Zin

Shops:
D:1 (:


Innate Abilities, Weirdness & Mutations

((You are very nimble when in or above water. (Stealth+, EV+, Speed+++)))
Your lower body shifts to a powerful aquatic tail in water.


Message History

You are lethally poisoned!
Throw: 2 throwing nets
Press: ? - help, Q - select action Shift-Dir - straight line, f/p - gnoll sergeant
Aim: a gnoll sergeant, wielding a +2 spear of venom, wearing a +0 scale mail and wearing a +2 kite shield of positive energy (almost dead, 74% to hit)
You throw a throwing net.
The gnoll sergeant blocks the throwing net.
* * * LOW HITPOINT WARNING * * *
You feel very sick. You block the gnoll sergeant's attack.
Throw: throwing net
Press: ? - help, Q - select action Shift-Dir - straight line, f/p - gnoll sergeant
Aim: a gnoll sergeant, wielding a +2 spear of venom, wearing a +0 scale mail and wearing a +2 kite shield of positive energy (almost dead, 74% to hit)
You throw a throwing net.
The throwing net hits the gnoll sergeant.
The gnoll sergeant is caught in the net!
The gnoll sergeant is almost dead.
* * * LOW HITPOINT WARNING * * *
You feel very sick.
The gnoll sergeant struggles against the net. x2
Reach: a) +0 trident
Press: ? - help, Dir - move target, f/p - gnoll sergeant
Aim: a gnoll sergeant, wielding a +2 spear of venom, wearing a +0 scale mail and wearing a +2 kite shield of positive energy (almost dead, entangled in a net, about 6% to evade your +0 trident)
You reach to attack!
You hit the gnoll sergeant but do no damage.
The gnoll sergeant is almost dead.
* * * LOW HITPOINT WARNING * * *
You feel very sick.
The gnoll sergeant struggles against the net.
Reach: a) +0 trident
Press: ? - help, Dir - move target, f/p - gnoll sergeant
Aim: a gnoll sergeant, wielding a +2 spear of venom, wearing a +0 scale mail and wearing a +2 kite shield of positive energy (almost dead, entangled in a net, about 6% to evade your +0 trident)
You reach to attack!
You hit the gnoll sergeant.
You kill the gnoll sergeant!
* * * LOW HITPOINT WARNING * * *
You feel sick.
Your Stealth skill increases to level 4!
It was a potion of degeneration.
There was something very wrong with that liquid.
You feel weakened.
You feel dopey.
You feel clumsy.
You die...

#...##.. ⌠.⌠.
#....#.. .~###
#....#.. ...#
#....#.. ..~
##....+.. ..##
#....##.. .)#
#....##.. #.#
#........
#@########.[......
#.................
##########....##..
#....##..
##.......
##.......
#........
#....##.)
#....##..


There were no monsters in sight!

Vanquished Creatures
  An ogre (D:4)
  2 necrophages
  A gnoll sergeant (D:4)
  A jelly (D:4)
  An iguana (D:4)
  4 orc wizards (D:4)
  4 gnolls (D:4)
  6 adders
  A worm (D:2)
  A dart slug (D:3)
  4 orcs
  10 bats
  11 endoplasms
  2 giant cockroaches
  4 goblins
  5 hobgoblins
  8 jackals
  11 kobolds
  4 quokkas
  6 ball pythons
  5 frilled lizards
  6 rats
98 creatures vanquished.

Notes
Turn   | Place    | Note
-------+----------+-------------------------------------------
     0 | D:1      | NotreDorf the Merfolk Gladiator began the quest for the
                  | Orb.
     0 | D:1      | Reached XP level 1. HP: 16/16 MP: 1/1
   194 | D:1      | Found Maeshil's Antique Weapon Shop.
   207 | D:1      | Found Jodwair's Book Boutique.
   226 | D:1      | Reached XP level 2. HP: 19/23 MP: 2/2
   234 | D:1      | Reached skill level 1 in Stealth
   646 | D:1      | Reached XP level 3. HP: 28/28 MP: 3/3
  1085 | D:2      | Found a faded altar of an unknown god.
  1322 | D:2      | Reached XP level 4. HP: 31/35 MP: 4/4
  2181 | D:3      | Found an ornate altar of the Wu Jian Council.
  2277 | D:3      | Reached skill level 5 in Polearms
  2277 | D:3      | Reached skill level 5 in Dodging
  2397 | D:3      | Reached XP level 5. HP: 41/41 MP: 5/5
  2620 | D:3      | Found a glowing silver altar of Zin.
  3056 | D:4      | Reached skill level 1 in Shields
  3056 | D:4      | Reached XP level 6. HP: 48/48 MP: 6/6
  3147 | D:3      | Found a sacrificial altar of Ru.
  3215 | D:4      | Reached XP level 7. HP: 54/54 MP: 7/7
  3390 | D:4      | HP: 1/55 [poisoned by a gnoll sergeant]
  3392 | D:4      | Succumbed to a gnoll sergeant's poison

Illustrated notes

Levels and vault maps discovered:
D:1:      eino_arrival_cavern_e, layout_basic, serial_shops, shop,
          nicolae_diamond_shop
D:2:      layout_basic, hellmonk_ecumenical_altar_blasted
D:3:      layout_loops_ring, nicolae_overflow_hidden_temple,
          nicolae_wu_jian_wuxing_cycle
D:4:      layout_gridville, tgw_xom

Skill      XL: |  1  2  3  4  5  6  7 |
---------------+----------------------+-----
Stealth        | 1 2 3 4 |  4.0
Fighting       | 3 4 |  4.5
Polearms       | 5 6 |  6.2
Dodging        | 5 6 |  6.2
Shields        | 1 2 |  2.4
Throwing       | |  2.0

Action                   |  1- 3 |  4- 6 |  7- 9 || total
-------------------------+-------+-------+-------++-------
Melee: Trident           |   128 |   142 |    30 ||   300
       Punch             |     3 |     1 |       ||     4
Throw: Throwing net      |       |       |     5 ||     5
  Use: Potion            |       |     3 |     1 ||     4
       Scroll            |       |     1 |       ||     1
 Stab: Sleeping          |     4 |     9 |     2 ||    15
Armor: Leather armour    |    27 |    22 |       ||    49
Dodge: Dodged            |    69 |    69 |     7 ||   145
Block: Tower shield      |       |    31 |    11 ||    42
